 Dungeon Crawl Stone Soup version 0.30-a0-737-gf23d94013f (webtiles) character file.

Game seed: 8020016824177916841

47376 demibob the Severer (level 14, -8/153 HPs)
             Began as a Hill Orc Fighter on Feb 2, 2023.
             Was the Champion of Kikubaaqudgha.
             Mangled by an orc knight
             ... wielding a +0 great mace
              (20 damage)
             ... on level 1 of the Orcish Mines.
             The game lasted 00:28:01 (16013 turns).

demibob the Severer (Hill Orc Fighter)             Turns: 16013, Time: 00:28:02

Health: -8/153     AC: 20    Str: 22    XL:     14   Next: 41%
Magic:  17/17      EV: 14    Int: 10    God:    Kikubaaqudgha [******]
Gold:   1174       SH: 12    Dex: 10    Spells: 13/17 levels left

rFire   . . .      SeeInvis .    a - +6 broad axe (pain)
rCold   . . .      Faith    .    q - +0 kite shield
rNeg    . . .      Spirit   .    b - +0 scale mail
rPois   +          Reflect  .    p - +2 helmet
rElec   .          Harm     .    Q - +0 cloak
rCorr   .          Rampage  .    g - +1 Delatra's gloves {ID++}
Will    +....                    T - +2 pair of boots Stlth
                                 c - amulet of regeneration
HPRegen 1.25/turn                E - +5 ring of evasion
MPRegen 0.15/turn                P - ring of poison resistance

@: berserking, very quick
A: no striking features
a: Renounce Religion, Convert to Beogh, Unearth Wretches, Torment


You were on level 1 of the Orcish Mines.
You worshipped Kikubaaqudgha.
Kikubaaqudgha was exalted by your worship.
You visited 3 branches of the dungeon, and saw 19 of its levels.

You collected 1376 gold pieces.
You spent 202 gold pieces at shops.


   Skills:
 - Level 3.6 Fighting
 - Level 18.0 Axes
 + Level 11.0 Armour
 - Level 15.1 Shields
 - Level 2.2 Spellcasting
 + Level 11.9 Necromancy


You had 13 spell levels left.
You knew the following spells:

 Your Spells              Type           Power      Damage    Failure   Level
a - Animate Dead          Necr           24%        N/A       9%          4

Your spell library contained the following spells:

 Spells                   Type           Power      Damage    Failure   Level
 Necrotise                Necr           96%        1d8       1%          1
 Sublimation of Blood     Necr           24%        N/A       1%          2
 Vampiric Draining        Necr           24%        2d7       2%          3
 Cigotuvi's Dreadful Rot  Necr/Pois/Air  18%        N/A       34%         2
 Anguish                  Hex/Necr       6%         N/A       69%         4
 Magic Dart               Conj           4%         1d3       75%         1
 Sandblast                Erth           2%         2d4       75%         1
 Sting                    Tmut/Pois      4%         1d3       75%         1
 Death Channel            Necr           12%        N/A       80%         6
 Blink                    Tloc           2%         N/A       87%         2
 Call Imp                 Summ           1%         N/A       87%         2
 Lesser Beckoning         Tloc           2%         N/A       87%         2
 Momentum Strike          Conj/Tloc      2%         3d8       87%         2
 Passwall                 Tmut/Erth      0%         N/A       87%         2
 Poisonous Vapours        Pois/Air       2%         N/A       87%         2
 Borgnjor's Vile Clutch   Necr/Erth      6%         N/A       95%         5
 Frozen Ramparts          Ice            2%         1d1       98%         3
 Mephitic Cloud           Conj/Pois/Air  1%         N/A       98%         3
 Stone Arrow              Conj/Erth      2%         3d7       98%         3
 Ice Form                 Ice/Tmut       1%         N/A       100%        4
 Leda's Liquefaction      Hex/Erth       0%         N/A       100%        4
 Summon Ice Beast         Ice/Summ       1%         N/A       100%        4
 Lee's Rapid Deconstruct  Erth           0%         3d4*      100%        5
 Simulacrum               Ice/Necr       6%         N/A       100%        6
 Statue Form              Tmut/Erth      0%         N/A       100%        6
 Haunt                    Necr/Summ      6%         N/A       100%        7

Inventory:

Hand Weapons
 a - a +6 broad axe of pain (weapon)
 J - the +16 obsidian axe {drain, demonic, Mesm Drain Fly SInv}
   (You acquired it on level 3 of the Lair of Beasts)

   Mesm:      Its wielder is mesmerised by any visible foes, and it cannot be
   unequipped while any foes are visible.
   SInv:      It lets you see invisible.
   Fly:       It grants you flight.
   Drain:     It drains your maximum health when unequipped.
Missiles
 e - 3 atropa-tipped darts (quivered)
Armour
 b - a +0 scale mail (worn)
 g - the +1 Delatra's gloves (worn) {ID++}
   (You found it on level 2 of the Dungeon)

   ID++:      It heals its wearer when they drink unknown potions, and restores
   their MP when they read unknown scrolls.
 p - a +2 helmet (worn)
 q - a +0 kite shield (worn)
 Q - a +0 cloak (worn)
 T - a +2 pair of boots (worn)
Jewellery
 c - an amulet of regeneration (around neck)
 v - a ring of see invisible
 E - a +5 ring of evasion (left hand)
 I - a +6 ring of intelligence
 L - a ring of flight
 N - a ring of positive energy
 P - a ring of poison resistance (right hand)
 R - an amulet of magic regeneration
 W - a ring of willpower
Wands
 d - a wand of charming (2)
 n - a wand of digging (11)
 x - a wand of roots (34)
 y - a wand of acid (10)
 H - a wand of flame (16)
 K - a wand of mindburst (4)
 O - a wand of polymorph (2)
Scrolls
 f - a scroll of summoning
 i - 3 scrolls of teleportation {@r2}
 s - a scroll of fog
 t - 3 scrolls of amnesia
 C - 3 scrolls of enchant armour
 D - 4 scrolls of identify {@r1}
 G - a scroll of magic mapping
 U - a scroll of poison
 V - a scroll of fear
Potions
 h - 6 potions of flight
 j - 7 potions of curing {@q1}
 k - 2 potions of resistance
 l - a potion of ambrosia
 m - a potion of berserk rage {!q}
 r - 2 potions of haste {@q3}
 u - 4 potions of mutation
 w - a potion of cancellation
 z - a potion of brilliance
 B - 3 potions of invisibility
Miscellaneous
 S - a phial of floods

Dungeon Overview and Level Annotations

Branches:
Dungeon (13/15)            Temple (0/1) D:7            Lair (5/5) D:8
  Swamp (0/4) Lair:3       Spider (0/4) Lair:2        Slime (0/5) Lair:5
    Orc (1/2) D:10
 Vaults: D:13-14

Altars:
Ashenzari
Dithmenos
Elyvilon
Hepliaklqana
Kikubaaqudgha
Okawaru
Qazlal
Ru
Sif Muna
Trog
Wu Jian
Jiyva

Shops:
D:3 :   D:5 (   D:8 *   D:9 [

Portals:
Abyss: D:3

Annotations:
D:3 2 transporters, Newt's ghost, weakling DsGl
D:7 2 transporters, THTSBRD's ghost, novice DjGl
D:13 Jorgrun
Lair:5 1 runed translucent door
Orc:1 Erolcha

......$ ..$....
....... .
....... ..
.......## ...
........# ....
........###.^...
......)@oo......
..$.###)<......#
. #...oo....#
#...o....##
#.....o.....
#...$...o...
.........o..
##.....#>$...
##....#.....


You could see an orc warlord (strong), an orc knight (strong), 3 orc warriors,
an orc priest (strong) and 2 orcs.


Message History

A red film seems to cover your vision as you go berserk!
You feel yourself moving faster!
You feel mighty! You block the orc warrior's attack.
The orc knight hits you with a +0 great mace!!
* * * LOW HITPOINT WARNING * * *
The orc priest looks braver for a moment.
An orc comes into view. It is wielding a +0 flail.
The orc shouts!
Deactivating autopickup; reactivate with Ctrl-A.
You slash something! You slash the orc warrior!
You kill the orc warrior!
Kikubaaqudgha accepts your kill.
You slash the orc knight!
The orc knight writhes in agony!
The orc priest threatens, "By the altar or by the axe, you will meet Beogh!"
You hear a shout!
The orc no longer looks unusually strong.
The orc warrior closely misses you.
The orc knight roars a battlecry!
The orc goes into a battle-frenzy!
Something hits you!!
* * * LOW HITPOINT WARNING * * *
You barely miss something. You hit the orc.
The orc writhes in agony.
You kill the orc!
Kikubaaqudgha accepts your kill.
You slash the orc knight! You closely miss something.
You closely miss the orc knight.
The orc warrior hits you but does no damage.
The orc knight hits you with a +0 great mace!!
You die...
Kikubaaqudgha rasps: "You have failed me!
Welcome... death!"

Skill      XL: |  1  2  3  4  5  6  7  8  9 10 11 12 13 14 |
---------------+-------------------------------------------+-----
Axes           | 3 4 5 6 8 9 11 13 15 16 17 18 | 18.0
Necromancy     | 2 3 4 6 9 10 11 | 11.9
Shields        | 7 11 13 15 | 15.1
Armour         | 6 9 11 | 11.0
Spellcasting   | 2 |  2.2
Fighting       | |  3.6

Action                     |  1- 3 |  4- 6 |  7- 9 | 10-12 | 13-15 || total
---------------------------+-------+-------+-------+-------+-------++-------
  Melee: War axe           |    97 |   143 |   255 |   596 |   183 ||  1274
         Punch             |     1 |     2 |     7 |     2 |       ||    12
         Broad axe         |       |       |       |       |   494 ||   494
  Throw: Dart              |       |       |       |     1 |       ||     1
 Invoke: Brand Weapon With |       |       |       |       |     1 ||     1
  Evoke: Wand              |       |       |       |    12 |     2 ||    14
         Phial of floods   |       |       |       |     1 |       ||     1
    Use: Scroll            |     3 |     3 |    10 |     9 |    14 ||    39
         Potion            |       |     1 |     2 |     5 |     4 ||    12
 Armour: Scale mail        |    39 |    57 |    97 |   156 |   203 ||   552
  Dodge: Dodged            |    88 |   110 |   158 |   330 |   304 ||   990
  Block: Kite shield       |       |       |       |   161 |   367 ||   528

Levels and vault maps discovered:
D:1:      minmay_arrival_cross, layout_loops_ring, corexii_corridor_pit
D:2:      layout_loops_ring, nicolae_ecumenical_pavilion, basic_altar,
          dk_vineyard_2, pf_guarded_unrand_delatra
D:3:      wander_river, layout_basic, gammafunk_ghost_abyssal_escape,
          serial_shops, nicolae_shop_hallway_plus, minmay_misc_feat_plants,
          palyth_stone_intersect, uniq_robin
D:4:      layout_layer_cave, uniq_eustachio, uniq_sigmund
D:5:      layout_basic, serial_shops, nicolae_shop_bloodbath_and_beyond,
          uniq_menkaure, uniq_edmund
D:6:      layout_loops_corners, minitemple, pdpol_wu_jian_five_deadly_venoms,
          uniq_crazy_yiuf_cottage, uniq_maggie, uniq_blork_the_orc
D:7:      layout_cave_pools, marbit_many_paths, minmay_temple_entry_nine_rooms,
          gammafunk_ghost_arena
D:8:      layout_cave_pods, nzn_overflow_gifts_of_might_and_magic,
          mainiacjoe_overflow_alcove_4, erik_lair_orcish_takeover, serial_shops,
          shop_fountains
D:9:      layout_basic, serial_shops, shop, uniq_grum
D:10:     minmay_diamond_stairs, layout_cave_pools, hangedman_misty_isle,
          uniq_maurice
D:11:     dragon1_lemuel, layout_basic, serial_bayou, serial_bayou_pond_c,
          serial_bayou_pond_b, serial_bayou_pond_e, serial_bayou_crossing
D:12:     layout_layer_cave, kennysheep_boxes
D:13:     layout_gridville, david_vaults_4, portal_ice_cave_rime, uniq_jorgrun
Lair:1:   layout_hall_layers, lemuel_fruit_tree
Lair:2:   layout_misc_corridors, nicolae_spider_entry_non_spiders
Lair:3:   layout_cave_pods, nicolae_swamp_entry_splash_gauntlet, uniq_urug
Lair:4:   layout_roguey
Lair:5:   minmay_lair_end_enchanted_forest, layout_gridlike, slime_entry_2,
          hibernation_bobbens, uniq_snorg
Orc:1:    gammafunk_beogh_shrine, layout_diamond_mine, enter_volcano_4,
          basic_altar, uniq_erolcha

Notes
Turn   | Place    | Note
-------+----------+-------------------------------------------
     0 | D:1      | demibob the Hill Orc Fighter began the quest for the Orb.
     0 | D:1      | Reached XP level 1. HP: 19/19 MP: 1/1
   127 | D:1      | Reached skill level 3 in Axes
   232 | D:1      | Reached XP level 2. HP: 26/26 MP: 2/2
   308 | D:1      | Reached skill level 4 in Axes
   623 | D:2      | Found a faded altar of an unknown god.
   670 | D:2      | Reached XP level 3. HP: 31/31 MP: 3/3
   698 | D:2      | Reached skill level 5 in Axes
   698 | D:2      | Found an ancient bone altar of Kikubaaqudgha.
   706 | D:2      | Became a worshipper of Kikubaaqudgha
   839 | D:2      | Reached XP level 4. HP: 31/39 MP: 4/4
   842 | D:2      | Reached skill level 6 in Axes
   853 | D:2      | Found the +1 Delatra's gloves {ID++}
  1504 | D:3      | Found a transporter.
  1540 | D:3      | Reached XP level 5. HP: 28/45 MP: 5/5
  1543 | D:3      | Reached * piety under Kikubaaqudgha
  1543 | D:3      | Received a gift from Kikubaaqudgha
  1547 | D:3      | Reached skill level 7 in Axes
  1669 | D:3      | Noticed Robin
  1690 | D:3      | Killed Robin
  1704 | D:3      | Reached skill level 1 in Necromancy
  1825 | D:3      | Found a one-way gate to the infinite horrors of the Abyss.
  1825 | D:3      | Noticed Newt's ghost (weakling DsGl)
  1848 | D:3      | Noticed a small abomination
  1857 | D:3      | Found a transporter.
  1864 | D:3      | Noticed a kobold brigand
  1984 | D:3      | Found Tuozeoq's Book Shop.
  2266 | D:4      | Reached ** piety under Kikubaaqudgha
  2276 | D:4      | Noticed Sigmund
  2292 | D:4      | Killed Sigmund
  2293 | D:4      | Reached skill level 8 in Axes
  2293 | D:4      | Reached skill level 2 in Necromancy
  2293 | D:4      | Reached XP level 6. HP: 49/51 MP: 6/6
  2344 | D:4      | Reached skill level 3 in Necromancy
  2348 | D:4      | Reached XP level 7. HP: 32/57 MP: 7/7
  2398 | D:4      | Noticed Eustachio
  2409 | D:4      | Killed Eustachio
  2443 | D:4      | Reached skill level 9 in Axes
  2454 | D:4      | Identified the +4 dagger "Zagrazorr" {freeze, rPois Str-5
                  | Int+5}
  2609 | D:4      | Reached skill level 4 in Necromancy
  3199 | D:5      | Entered Level 5 of the Dungeon
  3206 | D:5      | Got Cigotuvi's Encyclopedia of Transmuted Spectres
  3314 | D:5      | Reached XP level 8. HP: 63/64 MP: 8/8
  3317 | D:5      | Reached skill level 5 in Necromancy
  3339 | D:5      | Found Jeachio's Weapon Boutique.
  3347 | D:5      | Reached skill level 10 in Axes
  3449 | D:5      | Noticed Menkaure
  3452 | D:5      | Reached *** piety under Kikubaaqudgha
  3452 | D:5      | Received a gift from Kikubaaqudgha
  3460 | D:5      | Killed Menkaure
  3461 | D:5      | Reached skill level 6 in Necromancy
  3535 | D:5      | Noticed Edmund
  3556 | D:5      | Killed Edmund
  3557 | D:5      | Reached skill level 11 in Axes
  3737 | D:5      | Reached XP level 9. HP: 43/70 MP: 9/9
  3792 | D:5      | Reached skill level 7 in Necromancy
  4012 | D:6      | Noticed Maggie
  4026 | D:6      | Killed Maggie
  4027 | D:6      | Reached skill level 12 in Axes
  4046 | D:6      | Found a sacrificial altar of Ru.
  4048 | D:6      | Found a shadowy altar of Dithmenos.
  4048 | D:6      | Found a hazy altar of Hepliaklqana.
  4048 | D:6      | Found a white marble altar of Elyvilon.
  4050 | D:6      | Found an ancient bone altar of Kikubaaqudgha.
  4053 | D:6      | Found an iron altar of Okawaru.
  4257 | D:6      | Found a runed translucent door.
  4258 | D:6      | Noticed Crazy Yiuf
  4341 | D:6      | Noticed Blork the orc
  4346 | D:6      | Killed Blork the orc
  4630 | D:6      | Reached skill level 8 in Necromancy
  4790 | D:6      | Reached skill level 13 in Axes
  4799 | D:6      | Found an ornate altar of the Wu Jian Council.
  4914 | D:6      | Killed Crazy Yiuf
  5069 | D:7      | Reached **** piety under Kikubaaqudgha
  5080 | D:7      | Reached skill level 9 in Necromancy
  5080 | D:7      | Reached XP level 10. HP: 69/77 MP: 10/10
  5196 | D:7      | Found a stormy altar of Qazlal.
  5233 | D:7      | Reached skill level 4 in Shields
  5243 | D:7      | Found a transporter.
  5266 | D:7      | Noticed THTSBRD's ghost (novice DjGl)
  5276 | D:7      | Reached skill level 14 in Axes
  5374 | D:7      | Found a transporter.
  5465 | D:7      | Found a staircase to the Ecumenical Temple.
  5664 | D:8      | Found Liheome's General Store.
  5693 | D:8      | Found a staircase to the Lair.
  5894 | D:8      | Reached skill level 5 in Shields
  5986 | D:8      | Found a bloodstained altar of Trog.
  6013 | D:8      | Found a shimmering blue altar of Sif Muna.
  6048 | D:8      | Got Sif Muna's Anthology of the Panacea
  6147 | D:8      | Reached skill level 6 in Shields
  6182 | D:8      | Found a broken altar of Ashenzari.
  6334 | D:8      | Reached ***** piety under Kikubaaqudgha
  6570 | D:8      | Learned a level 4 spell: Animate Dead
  6591 | Lair:1   | Entered Level 1 of the Lair of Beasts
  6640 | Lair:1   | Reached skill level 15 in Axes
  6681 | Lair:1   | Noticed a cane toad
  6686 | Lair:1   | Killed a cane toad
  6727 | Lair:1   | Reached skill level 7 in Shields
  6803 | Lair:1   | Reached XP level 11. HP: 76/82 MP: 11/11
  6834 | Lair:1   | Reached skill level 8 in Shields
  6841 | Lair:1   | Reached skill level 16 in Axes
  6971 | Lair:1   | Reached skill level 9 in Shields
  7444 | Lair:1   | Identified 2 potions of resistance
  7560 | Lair:2   | Reached skill level 10 in Shields
  7647 | Lair:2   | Reached skill level 4 in Armour
  7800 | Lair:2   | Reached skill level 5 in Armour
  7811 | Lair:2   | Found a hole to the Spider Nest.
  7863 | Lair:2   | Reached skill level 11 in Shields
  7879 | Lair:2   | Reached skill level 6 in Armour
  8266 | Lair:2   | Reached XP level 12. HP: 90/90 MP: 12/12
  8398 | Lair:3   | Noticed Urug
  8419 | Lair:3   | Killed Urug
  8420 | Lair:3   | Reached skill level 1 in Spellcasting
  8586 | Lair:3   | Reached skill level 12 in Shields
  8948 | Lair:3   | Reached skill level 2 in Spellcasting
  8970 | Lair:3   | Identified a scroll of acquirement
  8970 | Lair:3   | Acquired the +16 obsidian axe {drain, demonic, Mesm Drain
                  | Fly SInv}
  8970 | Lair:3   | Found the +16 obsidian axe {drain, demonic, Mesm Drain Fly
                  | SInv}
  9022 | Lair:3   | Found a staircase to the Swamp.
  9547 | Lair:4   | Noticed a boulder beetle
  9565 | Lair:4   | Killed a boulder beetle
 10036 | Lair:4   | Reached skill level 13 in Shields
 10536 | Lair:5   | Entered Level 5 of the Lair of Beasts
 10557 | Lair:5   | Noticed a catoblepas
 10572 | Lair:5   | Killed a catoblepas
 10573 | Lair:5   | Reached skill level 17 in Axes
 10639 | Lair:5   | Noticed Snorg
 10657 | Lair:5   | Killed Snorg
 10794 | Lair:5   | Reached XP level 13. HP: 61/95 MP: 16/16
 10943 | Lair:5   | Reached ****** piety under Kikubaaqudgha
 10944 | Lair:5   | Reached skill level 14 in Shields
 10961 | Lair:5   | Reached skill level 18 in Axes
 11230 | Lair:5   | Reached skill level 15 in Shields
 11240 | Lair:5   | Identified a +2 broad axe of pain (a +0 broad axe bloodied
                  | by Kikubaaqudgha)
 11240 | Lair:5   | Received a gift from Kikubaaqudgha
 11331 | Lair:5   | Reached skill level 7 in Armour
 11537 | Lair:5   | Found a runed translucent door.
 11551 | Lair:5   | Found a viscous altar of Jiyva.
 11552 | Lair:5   | Found a staircase to the Slime Pits.
 11724 | Lair:5   | Reached skill level 8 in Armour
 11761 | Lair:5   | Identified the +0 pair of gloves "Koneerad" {*Corrode rElec
                  | Int-3 Dex+5}
 12186 | D:9      | Reached skill level 10 in Necromancy
 12409 | D:9      | Noticed Grum
 12415 | D:9      | Killed Grum
 12753 | D:9      | Found Cengixot's Antique Armour Shop.
 12761 | D:9      | Bought a pair of runed boots for 202 gold pieces
 13088 | D:10     | Entered Level 10 of the Dungeon
 13116 | D:10     | Reached skill level 9 in Armour
 13301 | D:10     | Noticed Maurice
 13318 | D:10     | Killed Maurice
 13367 | D:10     | Found a staircase to the Orcish Mines.
 13396 | D:10     | Reached XP level 14. HP: 83/102 MP: 17/17
 13610 | D:10     | Reached skill level 11 in Necromancy
 13810 | D:11     | Reached skill level 10 in Armour
 15932 | D:13     | Noticed Jorgrun
 15993 | Orc:1    | Entered Level 1 of the Orcish Mines
 16000 | Orc:1    | Noticed Erolcha
 16001 | Orc:1    | Reached skill level 11 in Armour
 16001 | Orc:1    | Noticed an orc warlord
 16011 | Orc:1    | HP: 11/153 [something (23)]
 16013 | Orc:1    | Mangled by an orc knight

Vanquished Creatures
  Snorg (Lair:5)
  3 boulder beetles
  A catoblepas (Lair:5)
  An ice dragon (D:11)
  4 two-headed ogres
  Urug (Lair:3)
  3 bog bodies (Lair:3)
  2 cyclopes
  4 manticores
  An ugly thing (D:12)
  15 elephants
  Maurice (D:10)
  3 black mambas
  A gargoyle (D:11)
  6 cane toads
  An unseen horror (D:12)
  Maggie (D:6)
  4 komodo dragons
  3 rime drakes
  A kobold demonologist (D:10)
  A tengu conjurer (D:10)
  4 polar bears (Lair:5)
  3 trolls
  7 hornets
  3 blink frogs (Lair:4)
  3 slime creatures (D:12)
  Sigmund (D:4)
  A ynoxinul (D:8)
  2 shadows
  14 spriggans (Lair:5)
  5 basilisks
  2 wraiths (D:11)
  7 wyverns
  A vampire (D:9)
  2 water elementals
  21 yaks
  Grum (D:9)
  Eustachio (D:4)
  4 steam dragons
  4 vampire mosquitoes (D:11)
  Menkaure (D:5)
  3 wargs (D:8)
  Edmund (D:5)
  3 swamp worms (Lair:3)
  12 water moccasins
  3 acid dragons
  4 orc warriors
  5 sky beasts
  An ice beast (D:5)
  7 black bears
  32 wolves
  6 ogres
  5 boggarts (Lair:5)
  4 centaurs
  A kobold brigand (D:8)
  Blork the orc (D:6)
  11 bullfrogs
  A gnoll sergeant (D:7)
  A necrophage (D:7)
  10 scorpions
  5 wights (D:10)
  18 killer bees
  5 howler monkeys
  11 electric eels
  5 hounds
  Crazy Yiuf (D:6)
  9 orc priests
  2 jellies
  5 hell rats (Lair:2)
  2 iguanas (D:5)
  17 orc wizards
  Robin (D:3)
  5 adders
  17 gnolls
  2 shadow imps
  A white imp (D:5)
  2 ufetubi (D:5)
  4 worms
  2 dart slugs
  46 orcs
  10 ball pythons
  9 endoplasms
  5 giant cockroaches
  10 goblins
  10 hobgoblins
  3 jackals (D:3)
  11 kobolds
  A quokka (D:4)
  8 bats
  6 frilled lizards
  5 rats
494 creatures vanquished.

Vanquished Creatures (others)
  2 killer bees (D:10)
  13 fungi
  17 plants
32 creatures vanquished.

Grand Total: 526 creatures vanquished

Table legend: (Time is in decaauts)
 A = Elapsed time spent in this place.
 B = Non-inter-level travel time spent in this place.
 C = Inter-level travel time spent in this place.
 D = Time resting spent in this place.
 E = Time spent auto-exploring this place.
 F = Levels seen in this place.
 G = Mean time per level.
                   A        B        C        D        E       F      G
               +--------+--------+--------+--------+--------+-----+--------+
         Total |  15820 |  15105 |    715 |    548 |  11456 |  19 |  832.6 |
       Dungeon |  10432 |   9984 |    448 |    136 |   7884 |  13 |  802.5 |
          Lair |   5371 |   5104 |    267 |    412 |   3572 |   5 | 1074.2 |
  Orcish Mines |     15 |     15 |      0 |      0 |      0 |   1 |   15.0 |
               +--------+--------+--------+--------+--------+-----+--------+

Top non-repeatable levels by time:
  Lair:5: 1370 daAuts
    D:12: 1200 daAuts
     D:6: 1116 daAuts
  Lair:4: 1108 daAuts
  Lair:3: 1094 daAuts
     D:4: 1013 daAuts
     D:9: 994 daAuts
    D:11: 977 daAuts
     D:8: 948 daAuts
  Lair:2: 915 daAuts
  Lair:1: 882 daAuts
     D:2: 806 daAuts
     D:3: 791 daAuts
     D:5: 658 daAuts
     D:1: 641 daAuts

Table legend:
 A = Non-vault XP
 B = Vault XP
 C = Vault XP percentage of total XP
 D = Non-vault monster count
 E = Vault monster count
 F = Vault count percentage of total count
                 A         B        C        D         E       F
            +---------+---------+-------+---------+---------+-------
      Total |   46118 |   21563 |  31.9 |     374 |     120 |  24.3
            +---------+---------+-------+---------+---------+-------
        D:1 |      27 |       0 |   0.0 |      18 |       0 |   0.0
        D:2 |      67 |      47 |  41.2 |      24 |       5 |  17.2
        D:3 |     119 |      34 |  22.2 |      22 |      11 |  33.3
        D:4 |     377 |     408 |  52.0 |      26 |       2 |   7.1
        D:5 |    1057 |     341 |  24.4 |      32 |       2 |   5.9
        D:6 |     979 |     529 |  35.1 |      13 |       3 |  18.8
        D:7 |    1275 |     288 |  18.4 |      22 |       1 |   4.3
        D:8 |     820 |    1209 |  59.6 |      25 |      12 |  32.4
        D:9 |    2488 |     415 |  14.3 |      23 |       3 |  11.5
       D:10 |    3312 |    2914 |  46.8 |      15 |      10 |  40.0
       D:11 |    3523 |    1826 |  34.1 |      27 |       3 |  10.0
       D:12 |    4740 |       0 |   0.0 |      19 |       0 |   0.0
     Lair:1 |    4856 |       0 |   0.0 |      25 |       0 |   0.0
     Lair:2 |    6370 |     604 |   8.7 |      28 |       8 |  22.2
     Lair:3 |    1305 |    3348 |  72.0 |       6 |       8 |  57.1
     Lair:4 |    3686 |       0 |   0.0 |      13 |       0 |   0.0
     Lair:5 |    9982 |    9600 |  49.0 |      28 |      52 |  65.0
      Orc:1 |    1135 |       0 |   0.0 |       8 |       0 |   0.0
            +---------+---------+-------+---------+---------+-------
